 Dungeon Crawl Stone Soup version 0.22-a0-377-g846bec1 (webtiles) character file.

109 DrEnzyme the Shield-Bearer (level 4, -7/40 HPs)
             Began as a Draconian Fighter on Apr 26, 2018.
             Shot with an arrow by a centaur (8 damage)
             ... on level 4 of the Dungeon.
             The game lasted 00:33:49 (3721 turns).

DrEnzyme the Shield-Bearer (Draconian Fighter)      Turns: 3721, Time: 00:33:49

Health: -7/40      AC:  5    Str: 17 (19) XL:     4   Next: 60%
Magic:  4/4        EV: 10    Int:  8      God:
Gold:   127        SH:  9    Dex: 13      Spells: 3/3 levels left

rFire    . . .     SeeInvis .   a - +0 war axe
rCold    . . .     Gourm    .   b - +0 shield
rNeg     . . .     Faith    .   (armour unavailable)
rPois    .         Spirit   .   (helmet restricted)
rElec    .         Reflect  .   (no cloak)
rCorr    .         Harm     .   (no gloves)
MR       .....                  (no boots)
Stlth    ++........             (no amulet)
HPRegen  0.13/turn              j - ring of stealth
MPRegen  0.09/turn              (no ring)

@: drained
A: unfitting armour, agile 1, sense surroundings 1, cold-blooded, subdued magic
1, AC +5
a: no special abilities


You were on level 4 of the Dungeon.
You were not hungry.

You visited 1 branch of the dungeon, and saw 4 of its levels.

You collected 127 gold pieces.

Inventory:

Hand Weapons
 a - a +0 war axe (weapon)
Missiles
 e - a throwing net
 o - 5 needles of confusion (quivered)
 q - 8 tomahawks
Armour
 b - a +0 shield (worn)
Jewellery
 j - a ring of stealth (left hand)
 n - an uncursed amulet of harm
 u - an uncursed ring of magical power
Wands
 w - a wand of flame (17)
Scrolls
 f - a scroll of identify
 g - a scroll of amnesia
 l - 5 scrolls of remove curse
 r - a scroll of teleportation
 s - a scroll of magic mapping {unknown}
 v - a scroll of noise {unknown}
Potions
 c - a potion of might
 d - 2 potions of resistance {unknown}
 h - a potion of cancellation {unknown}
 i - a potion of heal wounds {unknown}
 k - a potion of brilliance {unknown}
 p - 2 potions of agility {unknown}
Comestibles
 t - 2 rations


   Skills:
 + Level 3.8(2.9) Fighting
   Level 0.2(0.0) Short Blades
 + Level 2.5(1.7) Axes
 + Level 3.4(2.6) Dodging
 + Level 0.8(0.0) Stealth
 + Level 3.9(3.0) Shields


You had 3 spell levels left.
You didn't know any spells.

Dungeon Overview and Level Annotations

Branches:
Dungeon (4/15)
 Temple: D:4-7

Altars:
Qazlal
Zin

Annotations:
D:3 Gunk's ghost, amateur HOMo


Innate Abilities, Weirdness & Mutations

Your plain brown scales are hard. (AC +5)
You cannot fit into any form of body armour.
You are cold-blooded and may be slowed by cold attacks.
You are agile. (Dex +2)
You passively map a small area around you.
Your spells are a little easier to cast, but a little less powerful.


Message History

You feel your dexterity returning.
You open the door.
Found 21 arrows.
There is an open door here.
You see here 21 arrows.
Found an escape hatch in the floor.
A centaur comes into view.
The centaur wields a glowing shortbow.
The centaur shoots an arrow.
The arrow hits you.
You see here an arrow.
The centaur shoots an arrow.
You block the arrow.
The centaur shoots an arrow.
The arrow hits you!
You see here 2 arrows.
The centaur shoots an arrow.
The arrow hits you but does no damage.
You see here an arrow.
The centaur shoots an arrow.
The arrow hits you!
* * * LOW HITPOINT WARNING * * *
x2 You see here an arrow.
The centaur shoots an arrow.
The arrow hits you!
You die...

########
#......###########
#......'....#....#
#......#....'....#
#......#†...#....#
#......#....#@...#
####......##..##(...#
....####'###..##....#
....'.....#...#..(..#
**
....#.....+...#...(.+,
,
....#..##.########..#
, *
....#..###########..#
,
....#.†..........#c.#
*
....'............#.>.,
, ,


You could see a centaur.

Vanquished Creatures
  A hound (D:4)
  A hound skeleton (D:4)
  A gnoll (D:1)
  2 adders (D:2)
  A worm (D:2)
  2 dart slugs
  4 leopard geckos
  2 bats
  3 giant cockroaches
  4 goblins
  2 hobgoblins (D:2)
  2 frilled lizards
  5 kobolds
  2 rats (D:1)
32 creatures vanquished.

Notes
Turn   | Place    | Note
-------+----------+-------------------------------------------
     0 | D:1      | DrEnzyme the Draconian Fighter began the quest for the Orb.
     0 | D:1      | Reached XP level 1. HP: 19/19 MP: 1/1
   262 | D:1      | Reached XP level 2. HP: 25/26 MP: 2/2
   352 | D:1      | Upgraded the game from 0.22-a0-374-g5dfd9e3 to 0.22-a0-377-g846bec1
  1418 | D:2      | Gained mutation: You are agile. (Dex +2) [potion of mutation]
  1418 | D:2      | Gained mutation: Your spells are a little easier to cast, but a little less powerful. [potion of mutation]
  1418 | D:2      | Gained mutation: You passively map a small area around you. [potion of mutation]
  1700 | D:2      | Reached XP level 3. HP: 22/31 MP: 3/3
  2134 | D:2      | Found a stormy altar of Qazlal.
  2490 | D:2      | Found a faded altar of an unknown god.
  2580 | D:2      | Found a glowing silver altar of Zin.
  3182 | D:3      | Noticed Gunk's ghost (amateur HOMo)
  3523 | D:4      | Reached XP level 4. HP: 23/40 MP: 4/4
  3716 | D:4      | Noticed a centaur
  3720 | D:4      | HP: 1/40 [centaur/arrow (3)]
  3721 | D:4      | Shot with an arrow by a centaur

Vault maps used:
D:1:      dpeg_arrival_windows_large_door
D:2:      nicolae_overflow_hidden_temple, lemuel_coloured_pillars_altar,
          chequers_ecumenical_altar_simple, first_ration, serial_bayou_pond_d
D:3:      uniq_grinder, uniq_robin
D:4:      serial_shops, nicolae_shop_stone

Skill      XL: |  1  2 |
---------------+-------+-----
Dodging        | 3 |  3.4
Fighting       | |  3.8
Short Blades   | |  0.2
Axes           | |  2.5
Stealth        | |  0.8
Shields        | |  3.9

Action                   |  1- 3 |  4- 6 || total
-------------------------+-------+-------++-------
Melee: War axe           |    54 |     4 ||    58
       Tailslap          |    25 |     2 ||    27
       Dagger            |   123 |       ||   123
  Use: Potion            |     4 |       ||     4
       Scroll            |     6 |       ||     6
 Stab: Sleeping          |     4 |     1 ||     5
  Eat: Ration            |     3 |       ||     3
Armor: Skin              |    37 |     1 ||    38
Dodge: Dodged            |    91 |     2 ||    93
Block: Shield            |    70 |     1 ||    71

Table legend:
 A = Spawn XP
 B = Non-spawn XP
 C = Spawn XP percentage of total XP
 D = Spawn monster count
 E = Non-spawn monster count
 F = Spawn count percentage of total count
 G = Total turns spent on level
                    A         B        C        D         E        F      G
               +---------+---------+-------+---------+---------+-------+---------
         Total |       0 |     157 |   0.0 |       0 |      32 |   0.0 |  3721
               +---------+---------+-------+---------+---------+-------+---------
           D:1 |       0 |      31 |   0.0 |       0 |      11 |   0.0 |  1296
           D:2 |       0 |      46 |   0.0 |       0 |      11 |   0.0 |  1543
           D:3 |       0 |       9 |   0.0 |       0 |       4 |   0.0 |   353
           D:4 |       0 |      71 |   0.0 |       0 |       6 |   0.0 |   529
               +---------+---------+-------+---------+---------+-------+---------
